 Seeded DCSS version 0.30.0-13-g156ef70053 (webtiles) character file.

Game seed: 5 (custom seed)

801 Kazon the Covert (level 7, -16/45 HPs)
             Began as an Octopode Brigand on May 17, 2023.
             Was a Believer of Okawaru.
             Demolished by an ogre
             ... wielding a +0 giant spiked club
              (31 damage)
             ... on level 5 of the Dungeon.
             The game lasted 00:18:28 (3280 turns).

Kazon the Covert (Octopode Brigand)                 Turns: 3280, Time: 00:18:29

Health: -16/45     AC:  3    Str: 13    XL:     7   Next: 90%
Magic:  0/18       EV:  9    Int: 13    God:    Okawaru [**....]
Gold:   220        SH: 13    Dex: 19    Spells: 6/6 levels left

rFire   . . .        v - +2 dagger (vamp)
rCold   . . .        c - +0 tower shield
rNeg    . . .        u - +2 hat
rPois   .            F - amulet of guardian spirit
rElec   .            q - ring of magical power
rCorr   .            x - +6 ring of dexterity
SInv    .            (no ring)
Will    .....        (no ring)
Stlth   +++++        (no ring)
HPRegen 0.27/turn    (no ring)
MPRegen 0.16/turn    (no ring)
                     (no ring)

%: guardian spirit
@: no status effects
A: almost no armour, amphibious, 8 rings, camouflage 1, gelatinous body 1,
(nimble swimmer 1), tentacles
a: Renounce Religion, Heroism


You were on level 5 of the Dungeon.
You worshipped Okawaru.
Okawaru was pleased with you.
You visited 2 branches of the dungeon, and saw 6 of its levels.

You collected 220 gold pieces.

Inventory:

Hand Weapons
 a - a +2 dagger
 f - a +0 hand axe of flaming
 v - a +2 vampiric dagger (weapon)
 w - the +2 sling "Qeuhanocyt" {speed, rElec Str-3 Dex+2}
   (You found it on level 3 of the Dungeon)

   Str:       It affects your strength (-3).
   Dex:       It affects your dexterity (+2).
   rElec:     It insulates you from electricity.
Missiles
 b - 13 poisoned darts
 d - 2 curare-tipped darts (quivered)
 g - 7 stones
 k - 3 boomerangs
Armour
 c - a +0 tower shield (worn)
 u - a +2 hat (worn)
Jewellery
 q - a ring of magical power (left tentacle)
 x - a +6 ring of dexterity (right tentacle)
 F - an amulet of guardian spirit (around mantle)
Wands
 B - a wand of paralysis (8)
Scrolls
 h - a scroll of fog {unknown}
 l - a scroll of blinking {unknown}
 m - 2 scrolls of teleportation {unknown}
 n - 2 scrolls of identify {unknown}
 o - a scroll of summoning {unknown}
 p - 2 scrolls of magic mapping {unknown}
 y - a scroll of torment {unknown}
 A - a scroll of amnesia {unknown}
 D - a scroll of poison {unknown}
Potions
 e - a potion of resistance {unknown}
 i - a potion of magic {unknown}
 j - 3 potions of curing {unknown}
 r - 3 potions of flight {unknown}
 s - a potion of berserk rage {unknown}
 t - 2 potions of invisibility {unknown}
 z - 2 potions of heal wounds {unknown}
 C - a potion of lignification {unknown}
 E - a potion of attraction {unknown}


   Skills:
 + Level 2.7 Fighting
 + Level 4.2 Short Blades
 + Level 0.6 Axes
 + Level 0.5 Ranged Weapons
 + Level 2.9 Throwing
 + Level 2.7 Dodging
 + Level 8.5 Stealth
 + Level 2.4 Shields
 * Level 3.2 Invocations


You had 6 spell levels left.
You didn't know any spells.
Your spell library contained the following spells:

 Spells                   Type           Power      Damage    Failure   Level
 Frozen Ramparts          Ice            0%         1d1       100%        3
 Ice Form                 Ice/Tmut       0%         N/A       100%        4
 Summon Ice Beast         Ice/Summ       Unusable   N/A       N/A         4

Dungeon Overview and Level Annotations

Branches:
Dungeon (5/15)             Temple (1/1) D:4

Altars:
Dithmenos
Fedhas
Gozag
Hepliaklqana
Okawaru
Qazlal
Trog
Uskayaw
Wu Jian
The Shining One


Innate Abilities, Weirdness & Mutations

You cannot wear most types of armour.
You are amphibious.
You can wear up to eight rings at the same time.
Your skin changes colour to match your surroundings (Stealth+).
Your rubbery body absorbs attacks. (AC +1, EV +1)
((You are camouflaged when in or above water. (Stealth+)))
You have tentacles for arms and can constrict up to eight enemies at once.


Message History

The gnoll hits you with a +0 spear.
You hit the gnoll.
You feel better.
You kill the gnoll!
Okawaru accepts your kill.
Throw: 3 darts (curare)
Press: ? - help, Q - select action, (/) - cycle Shift-Dir - straight line, f - ogre
Aim: an ogre, wielding a +0 giant spiked club (77% to hit)
You throw a curare-tipped dart.
The curare-tipped dart barely misses the ogre.
Unknown command.
You hit the ogre.
You tentacle-slap the ogre, but do no damage.
The ogre is lightly wounded.
The ogre misses you.
You hit the ogre but do no damage. You squeeze the ogre.
The ogre is moderately wounded.
The ogre hits you with a +0 giant spiked club!
You barely miss the ogre.
The ogre is moderately wounded.
You block the ogre's attack.
You hit the ogre.
You feel better.
The ogre is moderately wounded.
The ogre hits you with a +0 giant spiked club!!!
Ouch! That really hurt!
* * * LOW HITPOINT WARNING * * *
You hear a shout!
You hit the ogre.
You feel better.
The ogre is heavily wounded.
You hear a shout!
You block the ogre's attack.
You hit the ogre.
The ogre is heavily wounded.
You closely miss the ogre. You squeeze the ogre.
The ogre is severely wounded.
The ogre barely misses you.
You hit the ogre.
You feel better.
The ogre is severely wounded.
The ogre hits you with a +0 giant spiked club!!
Ouch! That really hurt!
You die...

>....#...#....g....
.....#...#........
.....#...#....O..
.....##..#......
......#..#.....#
......'..#.....#
......#..#.....#
......####.....######
...#'######'##(O@...#
...#.........#......#
...'.........#......#
...######....#......#
...#...#######......#
...#...# #......#
...'...# #......#
...#...# #......#
...#)..#######......#


You could see an ogre.

Vanquished Creatures
  Sigmund (D:4)
  2 black bears (D:4)
  A scorpion (D:4)
  3 hounds (D:5)
  A jelly (D:5)
  4 iguanas
  A gnoll (D:5)
  8 adders
  An ufetubus (D:4)
  3 worms
  6 orcs
  4 bats
  9 endoplasms
  A giant cockroach (D:1)
  12 goblins
  7 hobgoblins
  11 jackals
  3 kobolds
  3 quokkas (D:4)
  6 ball pythons
  3 frilled lizards
  4 rats
94 creatures vanquished.

Notes
Turn   | Place    | Note
-------+----------+-------------------------------------------
     0 | D:1      | Kazon the Octopode Brigand began the quest for the Orb.
     0 | D:1      | Reached XP level 1. HP: 14/14 MP: 1/1
   167 | D:1      | Reached XP level 2. HP: 10/19 MP: 2/2
   200 | D:1      | Reached skill level 6 in Stealth
   262 | D:1      | Identified a scroll of acquirement
   262 | D:1      | Acquired a +2 hat
   456 | D:1      | Reached XP level 3. HP: 24/24 MP: 3/3
   982 | D:2      | Reached XP level 4. HP: 29/29 MP: 4/4
  1635 | D:3      | Found a blossoming altar of Fedhas.
  1656 | D:3      | Reached XP level 5. HP: 35/35 MP: 5/5
  1822 | D:3      | Found a stormy altar of Qazlal.
  2002 | D:3      | Found a faded altar of an unknown god.
  2032 | D:3      | Identified the +2 sling "Qeuhanocyt" {speed, rElec Str-3
                  | Dex+2}
  2104 | D:4      | Found a staircase to the Ecumenical Temple.
  2112 | Temple   | Entered the Ecumenical Temple
  2126 | Temple   | Became a worshipper of Warmaster Okawaru
  2192 | D:4      | Noticed Sigmund
  2205 | D:4      | Killed Sigmund
  2206 | D:4      | Reached skill level 7 in Stealth
  2206 | D:4      | Reached skill level 1 in Shields
  2206 | D:4      | Reached skill level 1 in Invocations
  2206 | D:4      | Reached XP level 6. HP: 41/41 MP: 7/7
  2222 | D:4      | Noticed a black bear
  2231 | D:4      | Reached * piety under Okawaru
  2240 | D:4      | Killed a black bear
  2294 | D:4      | Noticed a black bear
  2305 | D:4      | Killed a black bear
  2306 | D:4      | Reached XP level 7. HP: 41/45 MP: 8/8
  2676 | D:4      | Reached ** piety under Okawaru
  2677 | D:4      | Reached skill level 8 in Stealth
  2816 | D:4      | Found a hazy altar of Hepliaklqana.
  2819 | D:4      | Found a shadowy altar of Dithmenos.
  2820 | D:4      | Noticed a shadow
  2845 | D:5      | Entered Level 5 of the Dungeon
  3280 | D:5      | Demolished by an ogre

Illustrated notes

Levels and vault maps discovered:
D:1:      ebering_trefoil_3fold, layout_basic, st_stairs_14, serial_bayou_ford_a
D:2:      layout_basic, hangedman_decor_growths, minmay_close_crescents
D:3:      layout_rooms, mainiacjoe_overflow_concentric_impassable,
          mainiacjoe_overflow_paths, shapermc_ecumenical_altar_acropolis,
          chequers_serial_rivers_micro_b
D:4:      layout_basic, riverfiend_overflow_shadow_ancestor,
          minmay_temple_entry_glass, uniq_sigmund
D:5:      layout_gridville
Temple:   nicolae_temple_elliptical

Skill      XL: |  1  2  3  4  5  6  7 |
---------------+----------------------+-----
Stealth        | 6 7 8 |  8.5
Short Blades   | 3 4 |  4.2
Dodging        | 2 |  2.7
Shields        | 1 2 |  2.4
Invocations    | 1 2 3 |  3.2
Fighting       | |  2.7
Axes           | |  0.6
Ranged Weapons | |  0.5
Throwing       | |  2.9

Action                     |  1- 3 |  4- 6 |  7- 9 || total
---------------------------+-------+-------+-------++-------
  Melee: Dagger            |    65 |    73 |    17 ||   155
         Constrict         |    17 |    14 |    11 ||    42
         Tentacles         |    15 |    12 |    17 ||    44
         Punch             |       |     4 |     1 ||     5
         Hand axe          |       |     5 |    37 ||    42
   Fire: Sling             |       |     1 |       ||     1
  Throw: Dart              |     9 |     5 |     1 ||    15
         Stone             |       |    10 |    14 ||    24
    Use: Scroll            |     2 |       |       ||     2
   Stab: Sleeping          |     6 |    13 |     7 ||    26
 Armour: Skin              |     6 |    20 |     8 ||    34
  Dodge: Dodged            |    12 |    23 |    16 ||    51
  Block: Tower shield      |    30 |    42 |    34 ||   106
